TOP OF THE 1ST |
Scranton WB RailRiders batting - Pitching for Pawtucket Red Sox : RHP Roberto Morales
|
Pitching: RHP Roberto Morales
|
|
Batting: SHB Jay Gagnon
|
0-0: Ball 1-0: Ground out 5-3 (Groundball, 6, EV 83.1 MPH)
|
Batting: RHB Devon Utley
|
0-0: Ball 1-0: Ball 2-0: Called Strike 2-1: Foul Ball, location: 2F 2-2: Ball 3-2: Strikes out looking
|
Batting: SHB Victor Ruiz
|
0-0: Ball 1-0: Ball 2-0: Reached on error, E4 (Groundball, 4, EV 100.0 MPH)
|
Batting: LHB Aaron Joyner
|
0-0: Foul Ball, location: 2F 0-1: SINGLE (Line Drive, 6D, EV 98.1 MPH) Victor Ruiz to second Runner from 2nd tries for 3rd, SAFE, throw by CF made to third
|
Batting: SHB Jose Vargas
|
0-0: Ball 1-0: DOUBLE (Flyball, 89D, EV 105.0 MPH) Victor Ruiz scores Aaron Joyner to third Runner from 3rd tries for Home, throw by RF and OUT! 9-4-2
|
Top of the 1st over - 1 run, 2 hits, 1 error, 1 left on base; Scranton WB 1 - Pawtucket 0 |
BOTTOM OF THE 1ST |
Pawtucket Red Sox batting - Pitching for Scranton WB RailRiders : RHP Jason Sterner
|
Pitching: RHP Jason Sterner
|
|
Batting: RHB Matt Hinkle
|
0-0: Ball 1-0: Ball 2-0: Ball 3-0: Called Strike 3-1: Called Strike 3-2: Foul Ball, location: 2F 3-2: SINGLE (Flyball, 6D, EV 88.8 MPH)
|
Batting: LHB Tim Fuller
|
0-0: Ball 1-0: Swinging Strike 1-1: Foul Ball, location: 2F 1-2: Ball 2-2: Ground out 4-3 (Groundball, 34D, EV 106.9 MPH) Matt Hinkle to second
|
Batting: SHB Marvin Lawrence
|
0-0: Ground out 4-3 (Groundball, 34, EV 103.8 MPH) Matt Hinkle to third
|
Batting: RHB Roberto Morales
|
0-0: Ball 1-0: Ball 2-0: Called Strike 2-1: Called Strike 2-2: Foul Ball, location: 2F 2-2: Strikes out looking
|
Bottom of the 1st over - 0 runs, 1 hit, 0 errors, 1 left on base; Scranton WB 1 - Pawtucket 0 |
TOP OF THE 2ND |
Scranton WB RailRiders batting - Pitching for Pawtucket Red Sox : RHP Roberto Morales
|
Batting: SHB Joe Fure
|
0-0: Ground out 4-3 (Groundball, 4, EV 101.9 MPH)
|
Batting: RHB Alfredo Rodriguez
|
0-0: Ball 1-0: Ball 2-0: Ball 3-0: Base on Balls
|
Batting: RHB Josh Zoglmann
|
0-0: SINGLE (Line Drive, 7S, EV 98.8 MPH) Alfredo Rodriguez to second
|
Batting: RHB Mike Plugge
|
0-0: Called Strike 0-1: Fly out, F7 (Flyball, 7LMF, EV 85.6 MPH)
|
Batting: SHB Jay Gagnon
|
0-0: Called Strike 0-1: Called Strike 0-2: Ball 1-2: Foul Ball, location: 2F 1-2: Ball 2-2: Fly out, F9 (Flyball, 89S, EV 91.2 MPH)
|
Top of the 2nd over - 0 runs, 1 hit, 0 errors, 2 left on base; Scranton WB 1 - Pawtucket 0 |
BOTTOM OF THE 2ND |
Pawtucket Red Sox batting - Pitching for Scranton WB RailRiders : RHP Jason Sterner
|
Batting: RHB Tony Nunez
|
0-0: Fly out, F7 (Flyball, 7D, EV 99.4 MPH)
|
Batting: RHB Rodolfo Contreras
|
0-0: Called Strike 0-1: Ball 1-1: Ball 2-1: Ball 3-1: Base on Balls
|
Batting: LHB Frank Olivo
|
0-0: Ball 1-0: Ball 2-0: Ball 3-0: Called Strike 3-1: Called Strike 3-2: DOUBLE (Line Drive, 8LXD, EV 103.8 MPH) Rodolfo Contreras to third
|
Batting: RHB Brandon Perris
|
0-0: Ground out 5-3 (Groundball, 56S, EV 92.5 MPH) Rodolfo Contreras scores
|
Batting: RHB Neil Mautone
|
0-0: Ball 1-0: Ground out 4-3 (Groundball, 4, EV 108.8 MPH)
|
Bottom of the 2nd over - 1 run, 1 hit, 0 errors, 1 left on base; Scranton WB 1 - Pawtucket 1 |
TOP OF THE 3RD |
Scranton WB RailRiders batting - Pitching for Pawtucket Red Sox : RHP Roberto Morales
|
Batting: RHB Devon Utley
|
0-0: Called Strike 0-1: Swinging Strike 0-2: Foul Ball, location: 2F 0-2: Fly out, F6 (Popup, P, EV 76.2 MPH)
|
Batting: SHB Victor Ruiz
|
0-0: Called Strike 0-1: Ground out U3 (Groundball, 3, EV 87.5 MPH)
|
Batting: LHB Aaron Joyner
|
0-0: Called Strike 0-1: Swinging Strike 0-2: Fly out, F7 (Flyball, 7D, EV 101.2 MPH)
|
Top of the 3rd over - 0 runs, 0 hits, 0 errors, 0 left on base; Scranton WB 1 - Pawtucket 1 |
BOTTOM OF THE 3RD |
Pawtucket Red Sox batting - Pitching for Scranton WB RailRiders : RHP Jason Sterner
|
Batting: RHB Matt Hinkle
|
0-0: Ball 1-0: Called Strike 1-1: Ball 2-1: Ground out 5-3 (Groundball, 56, EV 83.8 MPH)
|
Batting: LHB Tim Fuller
|
0-0: Ball 1-0: Foul Ball, location: 2F 1-1: Ball 2-1: Ball 3-1: Base on Balls
|
Batting: SHB Marvin Lawrence
|
0-0: Ball 1-0: Swinging Strike 1-1: Called Strike 1-2: Foul Ball, location: 2F 1-2: Strikes out swinging
|
Batting: RHB Roberto Morales
|
0-0: Foul Ball, location: 2F 0-1: Fielders Choice at 2nd, 5-4 (Groundball, 5L, EV 83.1 MPH)
|
Bottom of the 3rd over - 0 runs, 0 hits, 0 errors, 1 left on base; Scranton WB 1 - Pawtucket 1 |
TOP OF THE 4TH |
Scranton WB RailRiders batting - Pitching for Pawtucket Red Sox : RHP Roberto Morales
|
Batting: SHB Jose Vargas
|
0-0: Called Strike 0-1: Ball 1-1: Foul Ball, location: 2F 1-2: Fly out, F6 (Popup, 6S, EV 78.1 MPH)
|
Batting: SHB Joe Fure
|
0-0: Called Strike 0-1: Called Strike 0-2: Foul Ball, location: 2F 0-2: Strikes out swinging, 2-3 out at first.
|
Batting: RHB Alfredo Rodriguez
|
0-0: Swinging Strike 0-1: Ball 1-1: Ball 2-1: Called Strike 2-2: Ground out 6-3 (Groundball, 6, EV 99.4 MPH)
|
Top of the 4th over - 0 runs, 0 hits, 0 errors, 0 left on base; Scranton WB 1 - Pawtucket 1 |
BOTTOM OF THE 4TH |
Pawtucket Red Sox batting - Pitching for Scranton WB RailRiders : RHP Jason Sterner
|
Batting: RHB Tony Nunez
|
0-0: Ball 1-0: Called Strike 1-1: Swinging Strike 1-2: Ball 2-2: Ball 3-2: Strikes out swinging
|
Batting: RHB Rodolfo Contreras
|
0-0: Ball 1-0: Ball 2-0: Called Strike 2-1: Called Strike 2-2: Foul Ball, location: 2F 2-2: Fly out, F7 (Flyball, 78D, EV 100.0 MPH)
|
Batting: LHB Frank Olivo
|
0-0: Hit by Pitch
|
Batting: RHB Brandon Perris
|
0-0: Called Strike 0-1: Ball 1-1: Ball 2-1: Ball 3-1: Foul Ball, location: 2F 3-2: Foul Ball, location: 2F 3-2: Foul Ball, location: 2F 3-2: Strikes out swinging
|
Bottom of the 4th over - 0 runs, 0 hits, 0 errors, 1 left on base; Scranton WB 1 - Pawtucket 1 |
TOP OF THE 5TH |
Scranton WB RailRiders batting - Pitching for Pawtucket Red Sox : RHP Roberto Morales
|
Batting: RHB Josh Zoglmann
|
0-0: Ball 1-0: SINGLE (Line Drive, 78M, EV 100.6 MPH)
|
Batting: RHB Mike Plugge
|
0-0: Swinging Strike 0-1: Swinging Strike 0-2: Strikes out swinging
|
Batting: SHB Jay Gagnon
|
0-0: Swinging Strike 0-1: TRIPLE (Groundball, 3L, EV 103.1 MPH) Josh Zoglmann scores
|
Batting: RHB Devon Utley
|
0-0: Foul Ball, location: 2F 0-1: Called Strike 0-2: Ball 1-2: Ball 2-2: SINGLE (Groundball, 6MD, EV 111.9 MPH) Jay Gagnon scores
|
Batting: SHB Victor Ruiz
|
0-0: Called Strike 0-1: Grounds into double play, U6-3 (Groundball, 4MD, EV 80.6 MPH)
|
Top of the 5th over - 2 runs, 3 hits, 0 errors, 0 left on base; Scranton WB 3 - Pawtucket 1 |
BOTTOM OF THE 5TH |
Pawtucket Red Sox batting - Pitching for Scranton WB RailRiders : RHP Jason Sterner
|
Batting: RHB Neil Mautone
|
0-0: Ball 1-0: Called Strike 1-1: Swinging Strike 1-2: Ground out U3 (Groundball, 34S, EV 87.5 MPH)
|
Batting: RHB Matt Hinkle
|
0-0: Called Strike 0-1: Ball 1-1: Ground out 6-3 (Groundball, 6S, EV 88.8 MPH)
|
Batting: LHB Tim Fuller
|
0-0: Ball 1-0: Ground out 1-3 (Groundball, 13, EV 72.5 MPH)
|
Bottom of the 5th over - 0 runs, 0 hits, 0 errors, 0 left on base; Scranton WB 3 - Pawtucket 1 |
TOP OF THE 6TH |
Scranton WB RailRiders batting - Pitching for Pawtucket Red Sox : RHP Roberto Morales
|
Batting: LHB Aaron Joyner
|
0-0: Ball 1-0: Foul Ball, location: 2F 1-1: DOUBLE (Line Drive, 5D, EV 95.0 MPH)
|
Batting: SHB Jose Vargas
|
0-0: DOUBLE (Line Drive, 3D, EV 98.8 MPH) Aaron Joyner scores
|
Batting: SHB Joe Fure
|
0-0: Fly out, F8 (Flyball, 8LM, EV 88.1 MPH)
|
Batting: RHB Alfredo Rodriguez
|
0-0: Called Strike 0-1: Ball 1-1: Called Strike 1-2: Ball 2-2: Ball 3-2: Base on Balls
|
Batting: RHB Josh Zoglmann
|
0-0: Ball 1-0: Ball 2-0: Foul Ball, location: 2F 2-1: Ball 3-1: Swinging Strike 3-2: Foul Ball, location: 2F 3-2: Ground out 5-3 (Groundball, 5S, EV 73.1 MPH) Jose Vargas to third Alfredo Rodriguez to second
|
Batting: RHB Mike Plugge
|
0-0: DOUBLE (Groundball, 5L, EV 102.5 MPH) Jose Vargas scores Alfredo Rodriguez scores
|
Pitching: RHP Mike Schroeder
|
|
Batting: SHB Jay Gagnon
|
0-0: Ball 1-0: Ball 2-0: Called Strike 2-1: Foul Ball, location: 2F 2-2: Foul Ball, location: 2F 2-2: Strikes out swinging
|
Top of the 6th over - 3 runs, 3 hits, 0 errors, 1 left on base; Scranton WB 6 - Pawtucket 1 |
BOTTOM OF THE 6TH |
Pawtucket Red Sox batting - Pitching for Scranton WB RailRiders : RHP Jason Sterner
|
Batting: SHB Marvin Lawrence
|
0-0: Ball 1-0: Ground out 4-3 (Groundball, 34D, EV 88.1 MPH)
|
Batting: RHB Roberto Morales
|
0-0: Called Strike 0-1: Ground out 3-1 (Groundball, 34S, EV 81.2 MPH)
|
Batting: RHB Tony Nunez
|
0-0: Called Strike 0-1: Fly out, F7 (Flyball, 7LM, EV 86.9 MPH)
|
Bottom of the 6th over - 0 runs, 0 hits, 0 errors, 0 left on base; Scranton WB 6 - Pawtucket 1 |
TOP OF THE 7TH |
Scranton WB RailRiders batting - Pitching for Pawtucket Red Sox : RHP Mike Schroeder
|
Batting: RHB Devon Utley
|
0-0: Ball 1-0: SINGLE (Flyball, 5D, EV 89.4 MPH)
|
Batting: SHB Victor Ruiz
|
0-0: Ball 1-0: Foul Ball, location: 2F 1-1: Foul Ball, location: 2F 1-2: Ball 2-2: Strikes out swinging
|
Batting: LHB Aaron Joyner
|
0-0: Called Strike 0-1: Swinging Strike 0-2: Foul Ball, location: 2F 0-2: Ball 1-2: Foul Ball, location: 2F 1-2: Strikes out swinging
|
Batting: SHB Jose Vargas
|
0-0: Ball 1-0: Ball 2-0: Foul Ball, location: 2F 2-1: Ball 3-1: Base on Balls Devon Utley to second
|
Batting: SHB Joe Fure
|
0-0: Called Strike 0-1: Foul Ball, location: 2F 0-2: Ground out 4-3 (Groundball, 4, EV 101.2 MPH)
|
Top of the 7th over - 0 runs, 1 hit, 0 errors, 2 left on base; Scranton WB 6 - Pawtucket 1 |
BOTTOM OF THE 7TH |
Pawtucket Red Sox batting - Pitching for Scranton WB RailRiders : RHP Jason Sterner
|
Batting: RHB Rodolfo Contreras
|
0-0: Called Strike 0-1: Ball 1-1: Foul Ball, location: 2F 1-2: Ground out 6-3 (Groundball, 6S, EV 69.4 MPH)
|
Batting: LHB Frank Olivo
|
0-0: Ball 1-0: Ball 2-0: Fly out, F5 (Line Drive, 56, EV 61.9 MPH)
|
Batting: RHB Brandon Perris
|
0-0: Ball 1-0: Ball 2-0: Foul Ball, location: 2F 2-1: Ground out 5-3 (Groundball, 5, EV 90.0 MPH)
|
Bottom of the 7th over - 0 runs, 0 hits, 0 errors, 0 left on base; Scranton WB 6 - Pawtucket 1 |
TOP OF THE 8TH |
Scranton WB RailRiders batting - Pitching for Pawtucket Red Sox : RHP Mike Schroeder
|
Batting: RHB Alfredo Rodriguez
|
0-0: Ball 1-0: Ball 2-0: Ball 3-0: Base on Balls
|
Batting: RHB Josh Zoglmann
|
0-0: Ball 1-0: Fly out, F8 (Flyball, 89M, EV 94.4 MPH)
|
Batting: RHB Mike Plugge
|
0-0: Swinging Strike 0-1: Called Strike 0-2: Foul Ball, location: 2F 0-2: Foul Ball, location: 2F 0-2: Strikes out swinging
|
Batting: SHB Jay Gagnon
|
0-0: Called Strike 0-1: Ball 1-1: Swinging Strike 1-2: Ball 2-2: Ball 3-2: Foul Ball, location: 2F 3-2: Strikes out swinging
|
Top of the 8th over - 0 runs, 0 hits, 0 errors, 1 left on base; Scranton WB 6 - Pawtucket 1 |
BOTTOM OF THE 8TH |
Pawtucket Red Sox batting - Pitching for Scranton WB RailRiders : RHP Jason Sterner
|
Batting: RHB Neil Mautone
|
0-0: Ground out U3 (Groundball, 34S, EV 91.2 MPH)
|
Batting: RHB Matt Hinkle
|
0-0: SINGLE (Groundball, 6MD, EV 106.2 MPH)
|
Pitching: RHP Whitney Batten
|
|
Batting: LHB Tim Fuller
|
0-0: Ball 1-0: Called Strike 1-1: Foul Ball, location: 2F 1-2: Foul Ball, location: 2F 1-2: Fly out, F5 (Popup, 5SF, EV 78.1 MPH)
|
Batting: SHB Marvin Lawrence
|
0-0: Foul Ball, location: 2F 0-1: Ball 1-1: Ball 2-1: Foul Ball, location: 2F 2-2: Ball 3-2: Base on Balls Matt Hinkle to second
|
Batting: RHB Roberto Morales
|
0-0: Ball 1-0: Ball 2-0: Called Strike 2-1: Ball 3-1: Foul Ball, location: 2F 3-2: Ground out 6-3 (Groundball, 6, EV 99.4 MPH)
|
Bottom of the 8th over - 0 runs, 1 hit, 0 errors, 2 left on base; Scranton WB 6 - Pawtucket 1 |
TOP OF THE 9TH |
Scranton WB RailRiders batting - Pitching for Pawtucket Red Sox : RHP Mike Schroeder
|
Batting: RHB Devon Utley
|
0-0: Swinging Strike 0-1: Called Strike 0-2: Strikes out swinging
|
Batting: SHB Victor Ruiz
|
0-0: Called Strike 0-1: Foul Ball, location: 2F 0-2: Foul Ball, location: 2F 0-2: Ball 1-2: Ball 2-2: Strikes out swinging
|
Pitching: LHP Eric Del Sordo
|
|
Batting: LHB Aaron Joyner
|
0-0: Called Strike 0-1: Foul Ball, location: 2F 0-2: Ball 1-2: Ground out 5-3 (Groundball, 56, EV 90.6 MPH)
|
Top of the 9th over - 0 runs, 0 hits, 0 errors, 0 left on base; Scranton WB 6 - Pawtucket 1 |
BOTTOM OF THE 9TH |
Pawtucket Red Sox batting - Pitching for Scranton WB RailRiders : RHP Whitney Batten
|
Batting: RHB Tony Nunez
|
0-0: Ball 1-0: Called Strike 1-1: Ball 2-1: Ball 3-1: Ground out 4-3 (Groundball, 34D, EV 85.0 MPH)
|
Batting: RHB Rodolfo Contreras
|
0-0: Called Strike 0-1: Ball 1-1: Fly out, F5 (Line Drive, 56, EV 68.8 MPH)
|
Batting: LHB Frank Olivo
|
0-0: Called Strike 0-1: Called Strike 0-2: Ball 1-2: Ball 2-2: Fly out, F8 (Flyball, 8LD, EV 78.8 MPH)
|
Bottom of the 9th over - 0 runs, 0 hits, 0 errors, 0 left on base; Scranton WB 6 - Pawtucket 1 |
|